 Dungeon Sprint DCSS version 0.17-a0-1635-gd4e48f1 (webtiles) character file.

929 Kidiri the Blocker (level 8, -2/46 HPs)
             Began as a Gargoyle Fighter on Aug 4, 2015.
             Was a Believer of Okawaru.
             Slain by a troll (4 damage)
             ... in the Dungeon (Sprint IX: "|||||||||||||||||||||||||||||").
             The game lasted 00:03:20 (701 turns).

Kidiri the Blocker (Gargoyle Fighter)                Turns: 701, Time: 00:03:20

Health: -2/46      AC: 26    Str: 21    XL:     8   Next: 11%
Magic:  12/12      EV:  9    Int:  9    God:    Okawaru [**....]
Gold:   0          SH: 12    Dex: 13    Spells: 0 memorised, 7 levels left

rFire  . . .     SeeInvis .     q - +2 morningstar (protect)
rCold  . . .     Clarity  .     l - +1 chain mail
rNeg   + . .     SustAt   .     c - +0 shield
rPois  ∞         Gourm    .     (no helmet)
rElec  +         Spirit   .     (no cloak)
rCorr  .         Warding  .     s - +0 pair of gloves
rMut   .         NoTele   +     r - +0 pair of boots
MR     .....                    (no amulet)
Stlth  ..........               b - +2 ring of evasion
                                a - +3 ring of dexterity

@: not resistant to hostile enchantments, extremely unstealthy
A: negative energy resistance 1, electricity resistance, unbreathing,
petrification resistance, rot immunity, AC +5
a: Heroism, Renounce Religion


You were in the Dungeon.
You worshipped Okawaru.
Okawaru was pleased with you.
You were not hungry.

You visited 1 branch

Inventory:

Hand weapons
 q - a +2 morningstar of protection (weapon)
Armour
 c - a +0 shield (worn)
 l - a +1 chain mail (worn)
 r - a +0 pair of boots (worn)
 s - a +0 pair of gloves (worn)
Jewellery
 a - a +3 ring of dexterity (left hand)
 b - a +2 ring of evasion (right hand)
Magical devices
 p - a wand of draining (7)
Scrolls
 k - 2 scrolls of blinking
 n - 3 scrolls of remove curse
 o - 2 scrolls of amnesia
Potions
 d - a potion of might
 f - a potion of invisibility
 g - 3 potions of heal wounds
 h - a potion of haste
 i - 4 potions of magic
 j - a potion of berserk rage
 m - 4 potions of curing
Comestibles
 e - a bread ration


   Skills:
 - Level 3.2 Fighting
 + Level 7.5 Maces & Flails
 * Level 11.5 Armour
 * Level 11.6 Shields
 + Level 6.3 Invocations


You had 7 spell levels left.
You didn't know any spells.

Dungeon Overview and Level Annotations

Branches:
Dungeon (1/1)

Altars:
Cheibriados
Dithmenos
Elyvilon
Fedhas
Gozag
Kikubaaqudgha
Makhleb
Nemelex Xobeh
Okawaru
Qazlal
Ru
Sif Muna
Trog
Vehumet
Xom
Yredelemnul
Zin
The Shining One
Beogh
Jiyva
Lugonu


Innate Abilities, Weirdness & Mutations

You are resistant to torment.
Your stone body is resilient (AC +5).
You are immune to poison.
You resist negative energy.
You are resistant to electric shocks.
You can survive without breathing.
You are immune to petrification.
You are immune to rotting.


Message History

You block the troll's attack.
You sock the troll!
The troll is heavily wounded.
You block the troll's attack. The troll claws you.
The troll closely misses you.
You sock the troll!
The troll is severely wounded.
The troll bites you but does no damage. The troll claws you but does no damage.
The troll claws you but does no damage.
You puncture the troll!
The troll is almost dead.
The troll bites you.
* * * LOW HITPOINT WARNING * * *
You block the troll's attack. The troll claws you but does no damage.
You hit the troll but do no damage.
The troll is almost dead.
The troll bites you!
* * * LOW HITPOINT WARNING * * *
You block the troll's attack. The troll claws you.
You die... ▓▓▓▓▓▓▓▓▓▓▓▓▓▓▓▓▓▓▓▓▓▓▓▓ .....ZT@....))..[..)|..' ▓▓▓▓▓▓▓▓▓▓▓▓▓▓▓▓▓▓▓▓▓▓▓▓

You could see a troll and a quokka skeleton.

Vanquished Creatures
  A yaktaur (shapeshifter) (D)
  A troll (D)
  A yak (D)
  A sky beast (D)
  2 ogres (D)
  A jelly (D)
  A hound (D)
  An adder (D)
  An adder zombie (D)
  An ooze (D)
  A worm (D)
  3 orcs (D)
  A bat (D)
  2 goblins (D)
  A kobold (D)
  A rat (D)
20 creatures vanquished.

Notes
Turn   | Place    | Note
--------------------------------------------------------------
     0 | D        | Kidiri the Gargoyle Fighter began the quest for the Orb.
     0 | D        | Reached XP level 1. HP: 14/14 MP: 1/1
    35 | D        | Reached skill level 4 in Shields
    68 | D        | Noticed a sky beast
    84 | D        | Killed a sky beast
    84 | D        | Reached skill level 6 in Armour
    84 | D        | Reached XP level 2. HP: 9/19 MP: 2/2
    84 | D        | Reached XP level 3. HP: 10/23 MP: 3/3
    84 | D        | Reached XP level 4. HP: 12/28 MP: 4/4
    89 | D        | Reached skill level 7 in Shields
   256 | D        | Found a glowing silver altar of Zin.
   256 | D        | Found a glowing golden altar of the Shining One.
   256 | D        | Found an ancient bone altar of Kikubaaqudgha.
   256 | D        | Found a basalt altar of Yredelemnul.
   256 | D        | Found a shimmering altar of Xom.
   256 | D        | Found a radiant altar of Vehumet.
   257 | D        | Found an iron altar of Okawaru.
   258 | D        | Found a burning altar of Makhleb.
   259 | D        | Found a deep blue altar of Sif Muna.
   260 | D        | Found a bloodstained altar of Trog.
   261 | D        | Found a sparkling altar of Nemelex Xobeh.
   262 | D        | Found a white marble altar of Elyvilon.
   263 | D        | Found a roughly hewn altar of Beogh.
   264 | D        | Found a viscous altar of Jiyva.
   265 | D        | Became a worshipper of Warmaster Okawaru
   266 | D        | Found a corrupted altar of Lugonu.
   267 | D        | Found a blossoming altar of Fedhas.
   268 | D        | Found a snail-covered altar of Cheibriados.
   269 | D        | Found a shadowy altar of Dithmenos.
   270 | D        | Found a stormy altar of Qazlal.
   271 | D        | Found an opulent altar of Gozag.
   272 | D        | Found a sacrificial altar of Ru.
   341 | D        | Noticed a jelly
   341 | D        | Noticed a troll
   341 | D        | Noticed an ogre
   341 | D        | Noticed a hound
   347 | D        | Killed a hound
   347 | D        | Reached skill level 1 in Invocations
   347 | D        | Reached XP level 5. HP: 32/32 MP: 5/5
   354 | D        | Killed an ogre
   354 | D        | Reached skill level 5 in Maces & Flails
   354 | D        | Reached skill level 8 in Armour
   365 | D        | Killed a troll
   365 | D        | Acquired Okawaru's first power
   365 | D        | Reached skill level 10 in Armour
   365 | D        | Reached skill level 10 in Shields
   365 | D        | Reached XP level 6. HP: 12/37 MP: 6/9
   366 | D        | Reached XP level 7. HP: 13/41 MP: 6/10
   370 | D        | Killed a jelly
   662 | D        | Noticed a troll
   662 | D        | Noticed a yak
   662 | D        | Noticed an ogre
   671 | D        | Killed an ogre
   671 | D        | Reached skill level 5 in Invocations
   681 | D        | Noticed a yaktaur
   687 | D        | Killed a yaktaur
   687 | D        | Reached skill level 11 in Armour
   695 | D        | Killed a yak
   695 | D        | Reached XP level 8. HP: 23/46 MP: 12/12
   701 | D        | HP: 2/46 [troll (10)]
   701 | D        | Slain by a troll

Vault maps used:
D:        linesprint

Action                   |  1- 3 |  4- 6 |  7- 9 || total
-------------------------+-------+-------+-------++-------
Melee: Flail             |    52 |    18 |       ||    70
       Morningstar       |       |    25 |    44 ||    69
  Use: Potion            |       |     1 |       ||     1
